 Dungeon Crawl Stone Soup version 0.28-a0-1395-g4f6bc678fa (webtiles) character file.

Game seed: 14667398593931481081

5313 HuGe the Spear-Bearer (level 10, -5/89 HPs)
             Began as a Minotaur Berserker on Jan 4, 2022.
             Was an Elder of Trog.
             Shot with a bolt by an orc warrior (7 damage)
             ... in a bailey.
             The game lasted 00:25:31 (9041 turns).

HuGe the Spear-Bearer (Minotaur Berserker)          Turns: 9041, Time: 00:25:31

Health: -5/89      AC: 12    Str: 23    XL:     10   Next: 37%
Magic:  9/9        EV: 18    Int:  4    God:    Trog [****..]
Gold:   328        SH:  0    Dex: 13    Spells: 9/9 levels left

rFire   + . .      SeeInvis .   v - +0 arbalest
rCold   . . .      Faith    .   (shield currently unavailable)
rNeg    . . .      Spirit   .   B - +3 leather armour {rF+}
rPois   +          Reflect  .   (helmet restricted)
rElec   .          Harm     .   E - +0 cloak
rCorr   .          Rampage  .   q - +1 pair of gloves
Will    .....                   f - +0 pair of boots
Stlth   ++........              (no amulet)
HPRegen 0.24/turn               k - +4 ring of evasion
MPRegen 0.11/turn               A - ring of poison resistance

@: no status effects
A: horns 2, retaliatory headbutt
a: Renounce Religion, Berserk, Trog's Hand, Brothers in Arms


You were in a bailey.
You worshipped Trog.
Trog was greatly pleased with you.
You visited 1 branch of the dungeon, and saw 9 of its levels.
You also visited: Bailey.

You collected 328 gold pieces.

Inventory:

Hand Weapons
 b - a +3 dagger of holy wrath
 j - the +12 glaive of Irrepressible Laughter {elec, *Rage rElec rC+ Dex+2}
   (You acquired it on level 4 of the Dungeon)

   It occasionally discharges a powerful burst of electricity upon striking a
   foe.
   Dex:       It affects your dexterity (+2).
   rC:        It protects you from cold.
   rElec:     It insulates you from electricity.
   *Rage:     It berserks you when you make melee attacks (+20% chance).
 l - a +2 whip of flaming
 o - a +0 rapier of freezing
 v - a +0 arbalest (weapon)
Missiles
 c - 18 poisoned darts
 e - 181 bolts (quivered ammo)
 h - 3 curare-tipped darts
 u - 10 boomerangs
 D - 3 boomerangs of dispersal
Armour
 f - a +0 pair of boots (worn)
 q - a +1 pair of gloves (worn)
 w - an orb of light
 B - a +3 leather armour of fire resistance (worn)
 E - a +0 cloak (worn)
 H - a +0 chain mail
Jewellery
 k - a +4 ring of evasion (left hand)
 A - a ring of poison resistance (right hand)
Wands
 a - a wand of polymorph (10)
 t - a wand of iceblast (8)
 x - a wand of acid (19)
 G - a wand of flame (29)
Scrolls
 g - 3 scrolls of blinking
 m - 2 scrolls of immolation
 p - 2 scrolls of teleportation
 r - a scroll of identify
 y - 2 scrolls of enchant armour
Potions
 d - a potion of brilliance
 i - a potion of berserk rage {unknown}
 n - a potion of might
 s - 2 potions of mutation {unknown}
 z - a potion of heal wounds {unknown}
 C - a potion of ambrosia {unknown}
 F - 2 potions of curing {unknown}


   Skills:
 + Level 8.3 Fighting
 + Level 3.7 Short Blades
 + Level 5.5(9.4) Axes
 + Level 11.8(12.3) Polearms
 + Level 0.3 Crossbows
 + Level 2.5 Throwing
 + Level 7.5 Armour
 + Level 5.8 Dodging
 + Level 1.6 Stealth
 + Level 0.8 Unarmed Combat


You had 9 spell levels left.
You didn't know any spells.
Your spell library was empty.

Dungeon Overview and Level Annotations

Branches:
Dungeon (9/15)             Temple (0/1) D:5          Bailey (1/1)
   Lair: D:8-11         Orc: D:9-12

Altars:
Sif Muna


Innate Abilities, Weirdness & Mutations

You have a pair of horns on your head.
You reflexively headbutt those who attack you in melee.


Message History

The orc warrior shoots a bolt.
The bolt hits you!
Fire: 185 bolts
Press: ? - help, Q - select action, (/) - cycle Shift-Dir - straight line, f/p - orc warrior
Aim: an orc warrior, wielding a +0 arbalest, wearing a +0 scale mail and quivering bolts (moderately wounded, 55% to hit)
You shoot a bolt. The bolt barely misses the orc warrior.
The orc warrior shoots a bolt.
The bolt hits you.
The orc warrior shoots a bolt.
The bolt completely misses you.
Fire: 184 bolts
Press: ? - help, Q - select action, (/) - cycle Shift-Dir - straight line, f/p - orc warrior
Aim: an orc warrior, wielding a +0 arbalest, wearing a +0 scale mail and quivering bolts (moderately wounded, 55% to hit)
You shoot a bolt.
The bolt hits the orc warrior but does no damage.
The orc warrior is moderately wounded.
The orc shoots a bolt.
The bolt hits you but does no damage.
Fire: 183 bolts
Press: ? - help, Q - select action, (/) - cycle Shift-Dir - straight line, f/p - orc warrior
Aim: an orc warrior, wielding a +0 arbalest, wearing a +0 scale mail and quivering bolts (moderately wounded, 55% to hit)
You shoot a bolt.
The bolt hits the orc warrior but does no damage.
The orc warrior is moderately wounded.
The orc shoots a bolt.
The bolt hits you.
The orc shoots a bolt.
The bolt hits you!
The orc shoots a bolt.
The bolt hits you!
* * * LOW HITPOINT WARNING * * *
The orc warrior shoots a bolt.
The bolt barely misses you.
The orc shoots a bolt.
The bolt completely misses you.
The orc warrior shoots a bolt.
The bolt misses you.
The orc warrior shoots a bolt.
The bolt completely misses you.
Fire: 182 bolts
Press: ? - help, Q - select action, (/) - cycle Shift-Dir - straight line, f/p - orc warrior
Aim: an orc warrior, wielding a +0 arbalest, wearing a +0 scale mail and quivering bolts (moderately wounded, 55% to hit)
You shoot a bolt. The bolt hits the orc warrior.
The orc warrior is heavily wounded.
You hear a splash.
The orc warrior shoots a bolt.
The bolt completely misses you.
The orc warrior shoots a bolt.
The bolt hits you!!
* * * LOW HITPOINT WARNING * * *
The orc shoots a bolt.
The bolt barely misses you.
The orc warrior shoots a bolt.
The bolt hits you!
You die...

##############################
..............................
..............................
.............@................
..............................
≈≈≈≈≈≈≈≈≈≈≈≈≈≈≈≈≈≈≈≈≈≈≈≈≈≈≈...
###≈≈≈oo≈≈≈≈≈≈≈≈≈≈≈≈≈≈###≈≈...
# ##≈≈≈o≈≈≈≈≈≈≈≈≈≈≈≈≈##.##≈)..
.(≈≈≈≈≈≈≈≈≈≈≈≈≈≈≈≈≈....#≈...
.∩#≈≈≈≈≈≈≈≈≈≈≈≈≈≈≈≈≈#∩.##≈...
.##≈≈≈≈≈#######≈≈≈≈≈##)#≈≈...
#≈≈≈≈≈≈≈)≈≈≈...


You could see an orc warrior and 2 orcs.

Vanquished Creatures
  Pikel (D:5)
  Maurice (D:8)
  Maggie (D:6)
  Sigmund (D:3)
  2 wyverns
  A shadow (D:6)
  A steam dragon (D:8)
  3 water moccasins
  2 black bears
  5 orc warriors
  2 ice beasts (D:5)
  3 ogres
  2 necrophages
  A centaur (D:9)
  2 phantoms
  A kobold brigand (D:8)
  2 bullfrogs
  A scorpion (D:6)
  A water moccasin zombie (D:6)
  2 water moccasin skeletons
  6 killer bees
  4 howler monkeys
  2 hounds
  2 jellies
  2 bullfrog skeletons
  2 orc priests
  Ijyb (D:5)
  3 iguanas
  10 orc wizards
  2 killer bee zombies (D:7)
  A hound skeleton (D:4)
  A howler monkey zombie (D:7)
  A howler monkey skeleton (D:5)
  7 gnolls
  2 adders (D:3)
  A shadow imp (D:7)
  3 white imps
  An ufetubus (D:6)
  A dart slug (D:2)
  29 orcs
  5 endoplasms
  5 giant cockroaches
  12 goblins
  7 hobgoblins
  4 jackals
  5 quokkas
  12 ball pythons
  3 bats (D:1)
  2 frilled lizards
  6 kobolds
  3 rats
180 creatures vanquished.

Notes
Turn   | Place    | Note
-------+----------+-------------------------------------------
     0 | D:1      | HuGe the Minotaur Berserker began the quest for the Orb.
     0 | D:1      | Reached XP level 1. HP: 19/19 MP: 0/0
   109 | D:1      | Reached XP level 2. HP: 27/27 MP: 1/1
  1144 | D:2      | Reached XP level 3. HP: 27/33 MP: 2/2
  1346 | D:2      | Reached ** piety under Trog
  1413 | D:2      | Found a faded altar of an unknown god.
  1693 | D:3      | Noticed a bullfrog
  1701 | D:3      | Killed a bullfrog
  1702 | D:3      | Reached XP level 4. HP: 41/41 MP: 3/3
  1710 | D:3      | Reached skill level 5 in Fighting
  1714 | D:3      | Reached skill level 5 in Axes
  1714 | D:3      | Reached XP level 5. HP: 13/48 MP: 4/4
  2587 | D:3      | Noticed Sigmund
  2594 | D:3      | Killed Sigmund
  2595 | D:3      | Reached skill level 1 in Short Blades
  2595 | D:3      | Reached XP level 6. HP: 56/56 MP: 5/5
  3917 | D:4      | Identified a scroll of acquirement
  3917 | D:4      | Acquired the +12 glaive of Irrepressible Laughter {elec,
                  | *Rage rElec rC+ Dex+2}
  3976 | D:4      | Reached skill level 1 in Stealth
  4038 | D:4      | Reached skill level 1 in Polearms
  4038 | D:4      | Reached XP level 7. HP: 59/62 MP: 6/6
  4285 | D:4      | Reached skill level 2 in Polearms
  4503 | D:5      | Entered Level 5 of the Dungeon
  4530 | D:5      | Reached skill level 3 in Polearms
  4535 | D:5      | Noticed Ijyb
  4537 | D:5      | Reached skill level 4 in Polearms
  4551 | D:5      | Reached *** piety under Trog
  4553 | D:5      | Killed Ijyb
  4557 | D:5      | Reached XP level 8. HP: 15/71 MP: 7/7
  4559 | D:5      | Reached skill level 5 in Polearms
  4842 | D:5      | Noticed Pikel
  4848 | D:5      | Killed Pikel
  4849 | D:5      | Reached skill level 7 in Polearms
  5048 | D:5      | Reached skill level 8 in Polearms
  5048 | D:5      | Reached skill level 5 in Armour
  5063 | D:5      | Reached skill level 5 in Dodging
  5113 | D:5      | Reached XP level 9. HP: 79/79 MP: 8/8
  5191 | D:5      | Found a staircase to the Ecumenical Temple.
  5464 | D:6      | Noticed Maggie
  5469 | D:6      | Killed Maggie
  5470 | D:6      | Reached skill level 9 in Polearms
  6163 | D:6      | Reached skill level 10 in Polearms
  6710 | D:7      | Reached skill level 11 in Polearms
  6878 | D:7      | Found a shimmering blue altar of Sif Muna.
  7222 | D:8      | Reached **** piety under Trog
  7223 | D:8      | Reached XP level 10. HP: 60/88 MP: 9/9
  7434 | D:8      | Noticed Maurice
  7484 | D:8      | Killed Maurice
  7485 | D:8      | Reached skill level 1 in Throwing
  8228 | D:9      | Found a flagged portal.
  8241 | Bailey   | Entered a bailey
  9040 | Bailey   | HP: 2/89 [orc warrior/bolt (18)]
  9041 | Bailey   | Shot with a bolt by an orc warrior

Illustrated notes

Levels and vault maps discovered:
D:1:      minmay_arrival_nine_rooms, layout_loops_ring, minmay_liquid_box,
          minmay_tripent
D:2:      layout_rooms, ebering_ecumenical_altar_abandoned, minmay_hexomino_f4
D:3:      layout_rooms, minmay_misc_feat_tower, grunt_ministairs_12,
          minmay_misc_feat_columns, uniq_sigmund
D:4:      layout_basic, corexii_checkpoint_b
D:5:      layout_rooms, nicolae_sextant, uniq_pikel, uniq_ijyb
D:6:      layout_cave_pools, uniq_maggie
D:7:      layout_cave_pools, led_sif_book
D:8:      layout_rooms, uniq_maurice
D:9:      layout_loops_corners, enter_bailey_2
Bailey:   bailey_polearm_2, bailey

Skill      XL: |  1  2  3  4  5  6  7  8  9 10 |
---------------+-------------------------------+-----
Axes           | 4 5 |  5.5
Fighting       | 4 5 6 7 8 |  8.3
Dodging        | 3 4 5 |  5.8
Short Blades   | 1 3 |  3.7
Armour         | 3 4 5 6 7 |  7.5
Stealth        | 1 |  1.6
Polearms       | 1 4 8 11 | 11.8
Throwing       | 2 |  2.5
Crossbows      | |  0.3
Unarmed Combat | |  0.8

Action                   |  1- 3 |  4- 6 |  7- 9 | 10-12 || total
-------------------------+-------+-------+-------+-------++-------
Melee: Hand axe          |    31 |       |       |       ||    31
       Headbutt          |    10 |    14 |    13 |     5 ||    42
       Dagger            |    23 |    42 |       |       ||    65
       Rapier            |       |    39 |       |       ||    39
       Glaive            |       |     9 |   115 |    30 ||   154
       Unarmed           |       |       |       |     7 ||     7
 Fire: Arbalest          |       |       |       |    33 ||    33
Throw: Dart              |       |       |    11 |       ||    11
       Boomerang         |       |       |     9 |     4 ||    13
Invok: Berserk           |     2 |     2 |     1 |       ||     5
       Trog's Hand       |       |       |     1 |       ||     1
  Use: Scroll            |     1 |     3 |    13 |     1 ||    18
 Stab: Confused          |       |       |       |     1 ||     1
Armor: Animal skin       |     3 |       |       |       ||     3
       Leather armour    |     5 |    21 |    10 |    17 ||    53
       Scale mail        |       |       |    31 |     2 ||    33
Dodge: Dodged            |    56 |    65 |   134 |   126 ||   381

Table legend: (Time is in decaauts)
 A = Elapsed time spent in this place.
 B = Non-inter-level travel time spent in this place.
 C = Inter-level travel time spent in this place.
 D = Time resting spent in this place.
 E = Time spent auto-exploring this place.
 F = Levels seen in this place.
 G = Mean time per level.
                   A        B        C        D        E       F      G
               +--------+--------+--------+--------+--------+-----+--------+
         Total |   9360 |   9358 |      2 |   2747 |   4289 |  10 |  936.0 |
       Dungeon |   8523 |   8521 |      2 |   2118 |   4289 |   9 |  947.0 |
        Bailey |    837 |    837 |      0 |    629 |      0 |   1 |  837.0 |
               +--------+--------+--------+--------+--------+-----+--------+

Top non-repeatable levels by time:
     D:3: 1699 daAuts
     D:4: 1200 daAuts
     D:1: 1149 daAuts
     D:5: 978 daAuts
     D:7: 916 daAuts
     D:6: 909 daAuts
  Bailey: 837 daAuts
     D:8: 754 daAuts
     D:2: 559 daAuts
     D:9: 355 daAuts
